 Dungeon Crawl Stone Soup version 0.22.1-6-g1668fe2c40 (webtiles) character file.

58 Kohma the Purveyor of Pain (level 3, -1/24 HPs)
             Began as a Demonspawn Necromancer on Jan 29, 2019.
             Was an Initiate of Kikubaaqudgha.
             Slain by an orc
             ... wielding a +0 hand axe
              (7 damage)
             ... on level 3 of the Dungeon.
             The game lasted 00:07:03 (2256 turns).

Kohma the Purveyor of Pain (Demonspawn Necromancer) Turns: 2256, Time: 00:07:04

Health: -1/24      AC:  6    Str:  9    XL:     3   Next: 75%
Magic:  6/6        EV: 12    Int: 16    God:    Kikubaaqudgha [......]
Gold:   90         SH:  0    Dex: 13    Spells: 2/6 levels left

rFire    . . .     SeeInvis .   i - +0 hunting sling
rCold    . . .     Gourm    .   (no shield)
rNeg     . . .     Faith    .   a - +0 robe
rPois    .         Spirit   .   o - +0 helmet
rElec    .         Reflect  .   (no cloak)
rCorr    .         Harm     .   (no gloves)
MR       .....                  p - +0 pair of boots
Stlth    ++........             (no amulet)
HPRegen  0.08/turn              (no ring)
MPRegen  0.10/turn              (no ring)

@: no status effects
A: iridescent scales 1, powered by death 1
a: Renounce Religion


You were on level 3 of the Dungeon.
You worshipped Kikubaaqudgha.
Kikubaaqudgha was noncommittal.
You were not hungry.

You visited 1 branch of the dungeon, and saw 3 of its levels.

You collected 90 gold pieces.

Inventory:

Hand Weapons
 e - a +0 dagger
 i - a +0 hunting sling (weapon)
Missiles
 b - 18 sling bullets (quivered)
 h - 45 stones
Armour
 a - a +0 robe (worn)
 o - a +0 helmet (worn)
 p - a +0 pair of boots (worn)
Jewellery
 r - an uncursed amulet of guardian spirit {unknown}
Wands
 v - a wand of random effects (42)
Scrolls
 f - 2 scrolls of remove curse {unknown}
 g - a scroll of noise {unknown}
 j - a scroll of teleportation {unknown}
 k - a scroll of fog {unknown}
 m - 4 scrolls of identify {unknown}
 n - 2 scrolls of magic mapping {unknown}
 q - a scroll of blinking {unknown}
 w - a scroll of fear {unknown}
Potions
 d - a potion of brilliance {unknown}
 l - 3 potions of curing {unknown}
 s - a potion of agility {unknown}
 u - 2 potions of flight {unknown}
Comestibles
 c - 5 rations
 t - 2 chunks of flesh


   Skills:
 - Level 1.7 Dodging
 - Level 1.7 Stealth
 - Level 2.0 Spellcasting
 + Level 6.0 Necromancy


You had 2 spell levels left.
You knew the following spells:

 Your Spells              Type           Power        Failure   Level  Hunger
a - Pain                  Necr           ###.         1%          1    #......
b - Vampiric Draining     Necr           ###.......   5%          3    ###....

Your spell library contained the following spells:

 Spells                   Type           Power        Failure   Level  Hunger
 Animate Skeleton         Necr           N/A          1%          1    #......
 Animate Dead             Necr           N/A          17%         4    #####..
 Regeneration             Chrm/Necr      ##........   19%         3    ###....


Dungeon Overview and Level Annotations

Branches:
Dungeon (3/15)

Altars:
Kikubaaqudgha


Innate Abilities, Weirdness & Mutations

You are partially covered in iridescent scales. (AC +2)
You regenerate a little health from kills.


Message History

Kikubaaqudgha accepts your kill.
Firing (i - inventory. (/) - cycle)
b - 20 sling bullets (quivered)
Press: ? - help, Shift-Dir - straight line, f - orc
Aim: an orc, wielding a hand axe and wearing a ring mail You shoot a sling bullet.
The sling bullet hits the orc but does no damage.
The orc hits you with a hand axe.
Some of the chunks of flesh in your inventory have rotted away.
Firing (i - inventory. (/) - cycle)
b - 19 sling bullets (quivered)
Press: ? - help, Shift-Dir - straight line, f/p - orc
Aim: an orc, wielding a hand axe and wearing a ring mail You shoot a sling bullet.
The sling bullet hits the orc.
The orc is moderately wounded.
The orc priest mumbles some strange prayers to Beogh against you.
Beogh smites you!
Ouch! That really hurt!
* * * LOW HITPOINT WARNING * * *
The orc hits you with a hand axe!
You die...
Kikubaaqudgha rasps: "You have failed me!
Welcome... death!"

.......#........
#.......#....o...
#............o...
................
#.........oo...
#.......o......
#.............. #.
#......o#########..
#.(..(.oo@........ ...
#......#####....### ....
##.................##....
#.......................#
#.......................#
#.......................#
#.......................#
#.......................#
#.....###+###...........#


You could see an orc priest and 2 orcs.

Vanquished Creatures
  An adder (D:2)
  A worm (D:2)
  2 dart slugs
  2 orcs (D:3)
  7 bats
  3 giant cockroaches
  3 goblins
  2 hobgoblins
  A quokka (D:2)
  3 frilled lizards
  7 kobolds
  7 rats
39 creatures vanquished.

Notes
Turn   | Place    | Note
-------+----------+-------------------------------------------
     0 | D:1      | Kohma the Demonspawn Necromancer began the quest for the
                  | Orb.
     0 | D:1      | Reached XP level 1. HP: 13/13 MP: 3/3
   244 | D:1      | Gained mutation: You are partially covered in iridescent
                  | scales. (AC +2) [demonic ancestry]
   244 | D:1      | Reached XP level 2. HP: 18/19 MP: 5/5
   396 | D:1      | Reached skill level 5 in Necromancy
  1277 | D:2      | Gained mutation: You regenerate a little health from kills.
                  | [demonic ancestry]
  1277 | D:2      | Reached XP level 3. HP: 13/24 MP: 0/6
  1520 | D:2      | Learned a level 3 spell: Vampiric Draining
  1571 | D:2      | Found an ancient bone altar of Kikubaaqudgha.
  1579 | D:2      | Became a worshipper of Kikubaaqudgha
  2252 | D:3      | Reached skill level 6 in Necromancy
  2256 | D:3      | Slain by an orc

Skill      XL: |  1  2  3 |
---------------+----------+-----
Necromancy     | 5 6 |  6.0
Dodging        | |  1.7
Stealth        | |  1.7
Spellcasting   | |  2.0

Action                   || total
-------------------------++-------
 Fire: Hunting sling     ||    84
 Cast: Pain              ||    28
  Eat: Chunk             ||     4
Armor: Robe              ||    27
Dodge: Dodged            ||    70
